 Dungeon Crawl Stone Soup version 0.28.0-53-g5a82cb258f (webtiles) character file.

Game seed: 17441061209923315705

55949 cbfl8 the Severer (level 14, -1/202 HPs)
             Began as a Minotaur Berserker on Aug 1, 2022.
             Was a High Priest of Trog.
             Slain by an orc high priest
             ... wielding a +0 dire flail
              (8 damage)
             ... on level 2 of the Orcish Mines.
             The game lasted 00:43:25 (22767 turns).

cbfl8 the Severer (Minotaur Berserker)             Turns: 22767, Time: 00:43:27

Health: -1/202     AC:  5    Str: 30    XL:     14   Next: 40%
Magic:  13/13      EV:  9    Int:  4    God:    Trog [*****.]
Gold:   3608       SH:  5    Dex: 10    Spells: 13/13 levels left

rFire   + . .      SeeInvis +   d - +0 battleaxe
rCold   + . .      Faith    .   (shield currently unavailable)
rNeg    . . .      Spirit   .   B - +0 gold dragon scales
rPois   +          Reflect  +   q - +1 hat {SInv}
rElec   .          Harm     .   e - +1 cloak of Submission {Regen+ Str+6 Dex-3}
rCorr   .          Rampage  .   l - +0 pair of gloves
Will    ++...                   a - +0 pair of boots
Stlth   ..........              H - amulet of reflection
HPRegen 1.23/turn               I - +4 ring of protection
MPRegen 0.13/turn               m - ring of the Jester {Will+ SInv}

@: berserking, spiked, corroded, very quick
A: horns 2, retaliatory headbutt
a: Renounce Religion, Berserk, Trog's Hand, Brothers in Arms


You were on level 2 of the Orcish Mines.
You worshipped Trog.
Trog was extremely pleased with you.
You visited 2 branches of the dungeon, and saw 17 of its levels.
You also visited: Gauntlet.

You collected 4012 gold pieces.
You spent 404 gold pieces at shops.

Inventory:

Hand Weapons
 d - a +0 battleaxe (weapon)
 g - a +2 vampiric spear
 w - the +1 hand axe "Cicaod" {flame, Will+ Str+2}
   (Trog gifted it to you on level 2 of the Orcish Mines)

   It burns those it strikes, dealing additional fire damage.
   Big, fiery blades are also staple armaments of hydra-hunters.
   Str:       It affects your strength (+2).
   Will:      It increases your willpower.
 A - the +7 Singing Sword {vorpal, sonic wave}
   (You took it off a minotaur in a Gauntlet)

   It inflicts extra damage upon your enemies.
   It radiates damaging sonic waves as it strikes, especially in combat
   involving dangerous or numerous foes.
Missiles
 r - 3 throwing nets
Armour
 a - a +0 pair of boots (worn)
 b - a +2 hat
 e - the +1 cloak of Submission (worn) {Regen+ Str+6 Dex-3}
   (You found it in a Gauntlet)

   Str:       It affects your strength (+6).
   Dex:       It affects your dexterity (-3).
   Regen:     It increases your rate of health regeneration.
 l - a +0 pair of gloves (worn)
 q - a +1 hat of see invisible (worn)
 B - +0 gold dragon scales (worn)
 M - the +6 chain mail of the Morning Star {rPois rN++ rCorr Dex-5 Stlth+}
   (You found it on level 10 of the Dungeon)

   Dex:       It affects your dexterity (-5).
   rPois:     It protects you from poison.
   rN:        It greatly protects you from negative energy.
   rCorr:     It protects you from acid and corrosion.
   Stlth:     It makes you more stealthy.
 N - a +0 cloak of poison resistance
 R - a +3 plate armour of fire resistance
Jewellery
 m - the ring of the Jester (right hand) {Will+ SInv}
   (You found it in a Gauntlet)

   [ring of see invisible]

   SInv:      It lets you see invisible.
   Will:      It increases your willpower.
 p - an amulet of faith
 H - an amulet of reflection (around neck)
 I - a +4 ring of protection (left hand)
 O - an amulet of the acrobat
Wands
 f - a wand of flame (44)
 n - a wand of digging (11)
 u - a wand of acid (15) (quivered)
 x - a wand of paralysis (1)
 y - a wand of charming (8)
 F - a wand of iceblast (16)
 L - a wand of mindburst (7)
 P - a wand of polymorph (4)
Scrolls
 c - 2 scrolls of enchant weapon
 h - 3 scrolls of immolation
 z - 2 scrolls of magic mapping
 C - 4 scrolls of fog
 E - 2 scrolls of silence
 J - 2 scrolls of enchant armour
 Q - a scroll of noise
 T - 4 scrolls of blinking
 U - a scroll of teleportation
Potions
 i - 6 potions of flight
 j - 2 potions of attraction
 k - a potion of ambrosia {unknown}
 o - 4 potions of resistance
 s - 2 potions of mutation
 t - 7 potions of curing
 v - 2 potions of invisibility {unknown}
 D - a potion of lignification {unknown}
 G - a potion of cancellation {unknown}
 K - a potion of magic {unknown}
Miscellaneous
 S - a lightning rod (4/4)


   Skills:
 * Level 15.5 Fighting
 + Level 3.1 Long Blades
 + Level 18.2 Axes
 + Level 12.3 Armour
 * Level 11.0 Dodging
 + Level 1.0 Stealth
 + Level 6.6 Shields
 + Level 0.4 Unarmed Combat
 * Level 9.3 Evocations


You had 13 spell levels left.
You didn't know any spells.
Your spell library was empty.

Dungeon Overview and Level Annotations

Branches:
Dungeon (15/15)            Temple (0/1) D:4            Lair (0/6) D:11
    Orc (2/2) D:11            Elf (0/3) Orc:2        Vaults (0/5) D:14
 Depths (0/4) D:15        Gauntlet (visited)

Altars:
Elyvilon
Fedhas
Kikubaaqudgha
Makhleb
Okawaru
Qazlal
Ru
Sif Muna
Trog
Zin
The Shining One

Shops:
D:1 =   D:3 (   D:5 ?   D:8 *   D:11 [   D:15 *?[*


Innate Abilities, Weirdness & Mutations

You have a pair of horns on your head.
You reflexively headbutt those who attack you in melee.


Message History

The orc high priest is severely wounded.
You slash the orc warrior! You slash the rust devil! You miss the sixfirhy.
You slash the rust devil!
You kill the rust devil!
The rust devil disappears in a puff of smoke!
You hit the ice devil but do no damage.
The orc high priest hits you from afar with a +0 halberd!
* * * LOW HITPOINT WARNING * * *
The rust devil closely misses you.
The orc high priest prays to Beogh.
The orc warrior hits you with a +0 dire flail.
* * * LOW HITPOINT WARNING * * *
You block the ice devil's attack. The red devil barely misses you.
You hit the orc high priest but do no damage.
Your headbutt misses the orc high priest.
The orc high priest is severely wounded.
You hit the ice devil but do no damage. You barely miss the sixfirhy.
You slash the rust devil!
You kill the rust devil!
The rust devil disappears in a puff of smoke!
You hit the orc warrior but do no damage.
The sixfirhy hits you.
* * * LOW HITPOINT WARNING * * *
The sixfirhy shocks you!
* * * LOW HITPOINT WARNING * * *
The orc high priest hits you from afar with a +0 halberd!
* * * LOW HITPOINT WARNING * * *
You slash the orc high priest!
You headbutt the orc high priest, but do no damage.
The orc high priest is almost dead.
You barely miss the ice devil. You closely miss the sixfirhy.
You slice the orc warrior!!
The red devil disappears in a puff of smoke!
The sixfirhy hits you.
* * * LOW HITPOINT WARNING * * *
The sixfirhy shocks you!
* * * LOW HITPOINT WARNING * * *
The sixfirhy barely misses you.
The orc high priest hits you with a +0 dire flail!
You die...

#.............#
#....#...#....#
#.............# ###
#....#...#....# ##.##
##...........## #...###
#...#...#...# #.....#
##...o.....## ##.....
#.§#3§.#..# #......
##§.@o)).## ##....#.
#######4o)#######.......
..#.#...3§))......#.......
#..#.......))3.....#)......
#............).............
.........................#.
#......................####
#........)).........####...
##.#...............## ...≈≈


You could see a soul eater (summoned), 2 orc high priests, an ice devil
(summoned), 2 sixfirhies and an orc warrior.

Vanquished Creatures
  Jorgrun (D:14)
  Rupert (D:13)
  Gastronok (D:11)
  A dire elephant (D:15)
  A minotaur (Gauntlet)
  Josephine (D:10)
  Harold (D:9)
  4 hydras
  2 boulder beetles (D:14)
  3 centaur warriors
  2 death knights
  6 two-headed ogres
  2 tengu warriors
  Sonja (D:10)
  An orc high priest (Orc:2)
  4 skeletal warriors
  A deep troll (D:15)
  Pikel (D:5)
  2 phantasmal warriors
  7 orc knights
  2 deep elf pyromancers
  A deep elf zephyrmancer (D:11)
  8 ugly things
  A salamander (D:15)
  4 cyclopes
  3 orc sorcerers
  4 manticores
  3 centaur zombies
  Maurice (D:10)
  An ice statue (Gauntlet)
  An apocalypse crab (Gauntlet)
  3 kobold demonologists
  An unseen horror (D:6)
  A rime drake (Gauntlet)
  3 tengu conjurers
  A komodo dragon (D:11)
  2 freezing wraiths
  3 trolls
  2 hornets
  5 slime creatures
  2 wolf spider simulacra
  Grinder (D:3)
  2 shadows
  3 water elementals (D:14)
  5 wraiths
  7 yaks (D:11)
  16 humans
  A wyvern (D:9)
  6 vampire mosquitoes
  3 wargs
  5 water moccasins
  A meliai simulacrum (D:14)
  An acid dragon (D:10)
  A black bear (shapeshifter) (D:14)
  6 black bears
  2 sky beasts
  17 orc warriors
  9 centaurs
  7 ogres
  4 kobold brigands
  3 lemures (D:5)
  3 bullfrogs
  A wyvern zombie (D:6)
  2 gnoll sergeants
  4 scorpions
  12 wights
  An electric eel (D:14)
  3 howler monkeys (D:11)
  A crimson imp (D:11)
  A bullfrog zombie (D:5)
  An iron imp (D:11)
  11 jellies
  31 orc priests
  A gnoll shaman (D:7)
  5 hounds
  2 centaur skeletons
  Jessica (D:2)
  Ijyb (D:5)
  3 iguanas
  15 orc wizards
  2 hound skeletons (D:4)
  Robin (D:3)
  14 gnolls
  5 adders
  A shadow imp (D:11)
  4 white imps
  2 ufetubi
  An adder skeleton (D:4)
  4 worms
  3 dart slugs
  63 orcs
  5 ball pythons
  13 endoplasms
  6 giant cockroaches
  8 goblins
  17 hobgoblins
  4 quokkas
  8 bats
  16 kobolds
  7 rats
  4 rat zombies (D:6)
482 creatures vanquished.

Vanquished Creatures (others)
  A rime drake (Gauntlet)
  A swamp drake (D:11)
  An orc wizard (D:11)
  A quokka (D:5)
  73 fungi
  51 plants
128 creatures vanquished.

Grand Total: 610 creatures vanquished

Notes
Turn   | Place    | Note
-------+----------+-------------------------------------------
     0 | D:1      | cbfl8 the Minotaur Berserker began the quest for the Orb.
     0 | D:1      | Reached XP level 1. HP: 19/19 MP: 0/0
   361 | D:1      | Found a faded altar of an unknown god.
   491 | D:1      | Reached skill level 4 in Axes
   519 | D:1      | Found Ythra's Jewellery Emporium.
   594 | D:1      | Reached XP level 2. HP: 27/27 MP: 1/1
  1299 | D:2      | Reached XP level 3. HP: 33/33 MP: 2/2
  1317 | D:2      | Reached ** piety under Trog
  1379 | D:2      | Noticed Jessica
  1389 | D:2      | Killed Jessica
  1935 | D:3      | Noticed Grinder
  1947 | D:3      | Reached skill level 1 in Evocations
  1947 | D:3      | Reached XP level 4. HP: 41/41 MP: 3/3
  1948 | D:3      | Killed Grinder
  1949 | D:3      | Reached skill level 5 in Fighting
  1949 | D:3      | Reached skill level 5 in Axes
  1949 | D:3      | Reached XP level 5. HP: 48/48 MP: 4/4
  2049 | D:3      | Reached XP level 6. HP: 56/56 MP: 5/5
  2475 | D:3      | Found Vure Ror's Antique Weapon Boutique.
  2514 | D:3      | Noticed Robin
  2526 | D:3      | Killed Robin
  2794 | D:4      | Reached *** piety under Trog
  3478 | D:4      | Found a staircase to the Ecumenical Temple.
  3489 | D:4      | Reached skill level 6 in Axes
  3489 | D:4      | Reached XP level 7. HP: 62/62 MP: 6/6
  4398 | D:5      | Entered Level 5 of the Dungeon
  4694 | D:5      | Reached skill level 7 in Axes
  4694 | D:5      | Reached skill level 5 in Armour
  4694 | D:5      | Reached XP level 8. HP: 71/71 MP: 7/7
  4779 | D:5      | Noticed Pikel
  4781 | D:5      | Noticed Ijyb
  4790 | D:5      | Killed Pikel
  4793 | D:5      | Killed Ijyb
  4885 | D:5      | Found a white marble altar of Elyvilon.
  4910 | D:5      | Reached **** piety under Trog
  4962 | D:5      | Found Nuedaowk's Magic Scroll Shoppe.
  4977 | D:5      | Bought a scroll of magic mapping for 52 gold pieces
  5255 | D:5      | Identified the +8 ring mail "Koan" {*Corrode rPois MP+9}
  5285 | D:6      | Reached skill level 5 in Dodging
  5320 | D:6      | Reached skill level 8 in Axes
  5966 | D:6      | Reached XP level 9. HP: 52/79 MP: 8/8
  6148 | D:6      | Found an ancient bone altar of Kikubaaqudgha.
  6405 | D:6      | Killed an unseen horror
  6413 | D:6      | Reached skill level 1 in Shields
  6782 | D:7      | You fall into a shaft and drop 1 floor!
  6816 | D:8      | Found a glowing silver altar of Zin.
  7315 | D:7      | Reached skill level 9 in Axes
  7698 | D:7      | Found a sacrificial altar of Ru.
  8018 | D:7      | Found an iron altar of Okawaru.
  8676 | D:8      | Reached ***** piety under Trog
  8818 | D:8      | Reached XP level 10. HP: 70/87 MP: 9/9
  8941 | D:8      | Found a glowing golden altar of the Shining One.
  8995 | D:8      | Noticed a two-headed ogre
  9002 | D:8      | Killed a two-headed ogre
  9003 | D:8      | Reached skill level 1 in Stealth
  9003 | D:8      | Reached skill level 5 in Evocations
  9115 | D:8      | Found Ezasodan's General Store.
  9123 | D:8      | Bought a scroll of identify for 22 gold pieces
  9123 | D:8      | Identified a scroll of acquirement
  9139 | D:8      | Acquired a manual of Axes
  9309 | D:8      | Found a burning altar of Makhleb.
  9309 | D:8      | Found a faded altar of an unknown god.
  9315 | D:8      | Found a bloodstained altar of Trog.
  9317 | D:8      | Found a stormy altar of Qazlal.
  9319 | D:8      | Found a faded altar of an unknown god.
 10237 | D:9      | Noticed Harold
 10247 | D:9      | Killed Harold
 10248 | D:9      | Reached skill level 10 in Axes
 10685 | D:10     | Entered Level 10 of the Dungeon
 10700 | D:10     | Noticed Josephine
 10712 | D:10     | Killed Josephine
 10713 | D:10     | Reached skill level 10 in Fighting
 10713 | D:10     | Reached skill level 11 in Axes
 10830 | D:10     | Noticed a manticore
 10836 | D:10     | Killed a manticore
 10884 | D:10     | Acquired 875 gold pieces
 10936 | D:10     | Noticed a two-headed ogre
 10948 | D:10     | Killed a two-headed ogre
 10949 | D:10     | Reached skill level 12 in Axes
 10949 | D:10     | Reached XP level 11. HP: 53/101 MP: 10/10
 11251 | D:10     | Noticed Maurice
 11279 | D:10     | Killed Maurice
 11691 | D:10     | Found a blossoming altar of Fedhas.
 11908 | D:10     | Noticed Sonja
 11926 | D:10     | Killed Sonja
 12589 | D:10     | Identified the +6 chain mail of the Morning Star {rPois
                  | rN++ rCorr Dex-5 Stlth+}
 12761 | D:11     | Reached skill level 13 in Axes
 12763 | D:11     | Noticed a two-headed ogre
 12779 | D:11     | Killed a two-headed ogre
 13106 | D:11     | Noticed a seven-headed hydra
 13117 | D:11     | Reached skill level 10 in Armour
 13162 | D:11     | Noticed Gastronok
 13593 | D:10     | Noticed a soul eater
 13762 | D:11     | Found a staircase to the Lair.
 13783 | D:11     | Noticed a death knight
 13792 | D:11     | Noticed a phantasmal warrior
 13802 | D:11     | Killed a phantasmal warrior
 13834 | D:11     | Killed a death knight
 14200 | D:10     | Killed an 11-headed hydra
 14201 | D:10     | Reached skill level 14 in Axes
 14201 | D:10     | Reached XP level 12. HP: 57/112 MP: 11/11
 14701 | D:11     | Reached skill level 5 in Shields
 14792 | D:11     | Killed Gastronok
 14996 | D:11     | Found a staircase to the Orcish Mines.
 14998 | D:11     | Found Wueveuph's Armour Shop.
 15612 | D:12     | Noticed a two-headed ogre
 15617 | D:12     | Killed a two-headed ogre
 15618 | D:12     | Reached skill level 15 in Axes
 16038 | D:12     | Noticed a five-headed hydra
 16046 | D:12     | Killed a ten-headed hydra
 16597 | D:12     | Acquired 1078 gold pieces
 16717 | D:13     | Found a gate leading to a gauntlet.
 16729 | Gauntlet | Entered a Gauntlet
 16729 | Gauntlet | Found a transporter.
 16729 | Gauntlet | Found a runed translucent door.
 16730 | Gauntlet | Found a runed translucent door.
 16739 | Gauntlet | Found a transporter.
 16741 | Gauntlet | Found a transporter.
 16755 | Gauntlet | Found a transporter.
 16761 | Gauntlet | Found a transporter.
 16767 | Gauntlet | Found a transporter.
 16780 | Gauntlet | Found a transporter.
 16783 | Gauntlet | Noticed a great orb of eyes
 16790 | Gauntlet | Noticed a dire elephant
 16791 | Gauntlet | Found a transporter.
 16801 | Gauntlet | Found a transporter.
 16805 | Gauntlet | Found a runed translucent door.
 16820 | Gauntlet | Found a transporter.
 16831 | Gauntlet | Found a transporter.
 16832 | Gauntlet | Found a transporter.
 16885 | Gauntlet | Found a transporter.
 16900 | Gauntlet | Found a transporter.
 17619 | Gauntlet | Identified the +1 cloak of Submission {Regen+ Str+6 Dex-3}
 17825 | Gauntlet | Identified the ring of the Jester {Will+ SInv}
 17844 | Gauntlet | Noticed a minotaur
 17858 | Gauntlet | Killed a minotaur
 17984 | D:13     | Noticed a centaur warrior
 17995 | D:13     | Killed a centaur warrior
 17996 | D:13     | Reached skill level 1 in Long Blades
 18114 | D:13     | Noticed a two-headed ogre
 18120 | D:13     | Killed a two-headed ogre
 18453 | D:14     | Noticed Rupert
 18453 | D:14     | Noticed a centaur warrior
 18453 | D:14     | Found a gate to the Vaults.
 18509 | D:14     | Noticed a tengu warrior
 18520 | D:13     | Killed a tengu warrior
 18567 | D:13     | Killed Rupert
 18568 | D:13     | Reached XP level 13. HP: 26/122 MP: 12/12
 18764 | D:14     | Reached skill level 16 in Axes
 19078 | D:14     | Reached skill level 10 in Dodging
 19227 | D:14     | Noticed Jorgrun
 19240 | D:14     | Killed Jorgrun
 19479 | D:14     | Reached skill level 17 in Axes
 19839 | D:14     | Found a shimmering blue altar of Sif Muna.
 19909 | D:15     | Entered Level 15 of the Dungeon
 19909 | D:15     | Found Touppoiv's Armour Shop.
 20319 | D:15     | Found Memiaska's Assorted Antiques.
 20365 | D:15     | Bought a scroll of identify for 62 gold pieces
 20365 | D:15     | Bought a potion of curing for 93 gold pieces
 20443 | D:15     | Found Bow Ahou's Magic Scroll Emporium.
 20451 | D:15     | Bought a scroll of teleportation for 42 gold pieces
 20451 | D:15     | Bought a scroll of identify for 28 gold pieces
 20451 | D:15     | Bought a scroll of blinking for 105 gold pieces
 20620 | D:15     | Found Tyloecili's Assorted Antiques.
 20713 | D:15     | Reached XP level 14. HP: 133/133 MP: 13/13
 20719 | D:15     | Reached skill level 15 in Fighting
 20933 | D:15     | Found a staircase to the Depths.
 21426 | Orc:1    | Entered Level 1 of the Orcish Mines
 21456 | Orc:1    | Reached skill level 18 in Axes
 21777 | Orc:2    | Entered Level 2 of the Orcish Mines
 21823 | Orc:2    | Found a staircase to the Elven Halls.
 22458 | Orc:2    | Identified the +1 hand axe "Cicaod" {flame, Will+ Str+2}
                  | (Trog gifted it to you on level 2 of the Orcish Mines)
 22458 | Orc:2    | Received a gift from Trog
 22767 | Orc:2    | HP: 7/202 [sixfirhy[an orc high priest] (9)]
 22767 | Orc:2    | Slain by an orc high priest

Illustrated notes

Levels and vault maps discovered:
D:1:      elethiomel_arrival_quiet, layout_basic,
          ebering_ecumenical_altar_sacrificial, serial_shops, shop
D:2:      layout_basic, uniq_jessica
D:3:      layout_loops_ring, serial_shops, nicolae_shop_overgrown_old_shop,
          minmay_unequal, uniq_grinder, uniq_robin
D:4:      layout_basic, minmay_temple_entry_ruins
D:5:      layout_basic, elyvilon_altar_4, serial_shops, nicolae_shop_trees,
          uniq_ijyb, uniq_pikel
D:6:      layout_rooms, lemuel_zombie_altar_kikubaaqudgha
D:7:      layout_basic, nicolae_ru_awakened_eye,
          mainiacjoe_overflow_tiny_flanked, solitary_fountain, minivault_1,
          grunt_ministairs_6, minmay_statues_item
D:8:      layout_rooms, mainiacjoe_overflow_surrounded_room, zin_academy,
          chequers_temple_overflow_minitemple, serial_shops,
          nicolae_shop_competitors_out_of_business
D:9:      layout_long_grid, columned_hall_lemuel, minmay_hedge_maze, uniq_harold
D:10:     layout_grid_maze, old_standard_altar, uniq_sonja, uniq_maurice,
          uniq_josephine
D:11:     layout_basic, due_lair_maze_entry_diamond, orc_david_3,
          hangedman_minor_magic, uniq_gastronok
D:12:     layout_basic
D:13:     layout_roguey, gauntlet_entry_generic, hangedman_abyss_or_decor_clamps
D:14:     lemuel_slime, layout_basic, david_vaults_3, led_sif_pool, uniq_jorgrun
D:15:     hangedman_depths_entry_try_elsewhere_first, layout_loops_ring,
          serial_shops, shop, shop_fountains,
          nicolae_shop_competitors_out_of_business, shop, skrybe_limestone_x,
          lightli_fourway_metalbox
Orc:1:    layout_caves
Orc:2:    st_orc_pillars, layout_diamond_mine, mines_bat_river

Skill      XL: |  1  2  3  4  5  6  7  8  9 10 11 12 13 14 |
---------------+-------------------------------------------+-----
Axes           | 4 5 6 7 8 9 12 14 15 17 18 | 18.2
Fighting       | 4 5 6 7 8 10 12 13 14 15 | 15.5
Evocations     | 1 2 3 4 6 7 8 9 |  9.3
Armour         | 3 4 5 6 8 9 10 11 12 | 12.3
Dodging        | 3 4 5 6 7 8 9 10 11 | 11.0
Shields        | 1 2 4 5 6 |  6.6
Stealth        | 1 |  1.0
Long Blades    | 2 3 |  3.1
Unarmed Combat | |  0.4

Action                   |  1- 3 |  4- 6 |  7- 9 | 10-12 | 13-15 || total
-------------------------+-------+-------+-------+-------+-------++-------
Melee: Hand axe          |    70 |    76 |   330 |     7 |       ||   483
       Headbutt          |     4 |    16 |    57 |   125 |   109 ||   311
       Punch             |     1 |       |       |       |       ||     1
       War axe           |       |       |       |   309 |       ||   309
       Battleaxe         |       |       |       |   154 |   472 ||   626
       Unarmed           |       |       |       |    11 |       ||    11
       Double sword      |       |       |       |    26 |       ||    26
Invok: Berserk           |     2 |     1 |     7 |    20 |     9 ||    39
       Trog's Hand       |       |       |       |     1 |       ||     1
Evoke: Wand              |       |       |       |     9 |     3 ||    12
  Use: Scroll            |       |       |    12 |    13 |     3 ||    28
       Potion            |       |       |       |     8 |     5 ||    13
Armor: Animal skin       |     8 |       |       |       |       ||     8
       Ring mail         |    10 |    19 |    10 |       |       ||    39
       Chain mail        |       |       |    53 |       |       ||    53
       Scale mail        |       |       |     9 |       |       ||     9
       Gold dragon scale |       |       |   162 |   418 |   291 ||   871
       Skin              |       |       |       |     1 |       ||     1
Dodge: Dodged            |    37 |    37 |   107 |   153 |   152 ||   486
Block: Buckler           |       |       |    41 |   143 |       ||   184
       Other             |       |       |       |    77 |    95 ||   172
       Reflection        |       |       |       |    22 |     6 ||    28
